Map: Deathaura LE

Players

RyuKey

  • Race: Protoss Protoss
  • League: Diamond
  • Spawn Location: 5:00

prOxio - Winner!

  • Race: Zerg Zerg
  • League: Diamond
  • Spawn Location: 11:00

VOD

Have the link to the VOD?

Description

Time

  • Played on: June 21, 2020, 9:39 a.m.
  • Length: 11:08
Show
View Real Time Build Order
Export as new Build Order

RyuKey Protoss 

Build Orders: 1 Gate Expand 

Get SALT Encoding   

  12  0:01  Probe  
  13  0:13  Probe  
  14  0:20  Pylon  
  14  0:24  Probe  
  15  0:34  Probe  
  15  0:42  Probe, Gateway  
  17  0:53  Probe  
  18  0:57  Assimilator  
  18  1:05  Probe  
  19  1:17  Probe  
  20  1:26  Nexus  
  20  1:31  Probe  
  21  1:43  Pylon, Probe  
  22  1:51  Cybernetics Core, Probe  
  22  1:59  Probe  
  23  2:04  Assimilator  
  24  2:10  Probe  
  25  2:19  Pylon  
  25  2:22  Probe  
  26  2:32  Robotics Facility  
  26  2:33  Probe  
  26  2:37  Probe  
  26  2:41  Probe  
  27  2:45  Probe  
  27  2:47  Stalker  
  27  2:49  Probe  
  27  2:50  Warp Gate  
  31  2:55  Probe  
  33  3:00  Probe  
  34  3:07  Probe  
  34  3:12  Gateway  
  35  3:15  Observer  
  35  3:17  Assimilator, Probe  
  35  3:19  Probe  
  37  3:20  Assimilator  
  38  3:27  Pylon  
  38  3:29  Probe  
  38  3:31  Probe  
  40  3:39  Probe  
  40  3:41  Pylon, Probe  
  40  3:43  Pylon  
  40  3:47  Probe  
  42  3:53  Probe, Immortal  
  48  3:58  Probe  
  48  4:00  Twilight Council  
  49  4:07  Probe  
  50  4:10  Probe  
  50  4:11  Pylon  
  51  4:19  Probe  
  51  4:22  Probe  
  53  4:30  Charge  
  53  4:31  Probe  
  53  4:34  Probe  
  53  4:35  Gateway  
  53  4:36  Gateway  
  53  4:37  Immortal  
  53  4:38  Gateway  
  55  4:39  Gateway  
  59  4:53  Gateway  
  59  4:55  Probe  
  59  4:56  Probe  
  61  5:10  Stalker x2  
  61  5:11  Probe  
  61  5:12  Probe, Immortal  
  67  5:24  Probe  
  72  5:33  Gateway  
  72  5:34  Gateway  
  72  5:37  Stalker x2  
  72  5:38  Stalker  
  78  5:47  Immortal  
  78  5:55  Nexus  
  78  6:02  Zealot  
  78  6:03  Zealot  
  86  6:11  Pylon  
  86  6:14  Pylon  
  86  6:21  Warp Prism  
  86  6:30  Zealot x3  
  94  6:40  Blink  
  94  6:41  Pylon  
  94  6:44  Pylon  
  92  7:00  Adept  
  91  7:12  Forge  
  90  7:17  Stalker x6  
  95  7:27  Observer  
  88  7:37  Forge  
  88  7:40  Forge  
  87  7:47  Stalker x2  
  87  7:50  Sentry  
  93  7:53  Sentry  
  93  7:54  Sentry  
  95  8:19  Stalker x4  
  55  8:36  Stalker x7  
  69  8:43  Templar Archives  
  69  8:52  Stalker  
  69  8:54  Stalker  
  73  9:12  Pylon  
  73  9:16  Zealot  
  69  9:17  Pylon  
  63  9:29  Stalker  
  63  9:30  Stalker x2  
  64  9:35  Probe x2  
  64  9:36  Probe  
  49  9:59  High Templar x3  
  55  10:03  Archon  
  55  10:05  High Templar  
  55  10:06  Probe  
  57  10:10  Probe, Archon  
  58  10:16  Probe  
  58  10:17  Probe  
  60  10:23  Probe  
  62  10:38  Probe x2  
  62  10:40  Probe  
  52  11:03  Stalker  
  52  11:04  Stalker  
Show
View Real Time Build Order
Export as new Build Order

prOxio Zerg - Winner!

Build Orders: Pool First, Muta Ling Bane 

Get SALT Encoding   

  12  0:11  Drone  
  12  0:13  Overlord  
  13  0:25  Drone  
  14  0:34  Drone x2  
  16  0:44  Drone  
  17  1:01  Drone  
  17  1:02  Spawning Pool  
  17  1:10  Hatchery  
  16  1:16  Drone  
  17  1:19  Extractor  
  17  1:21  Drone  
  17  1:30  Overlord  
  17  1:38  Drone  
  18  1:49  Queen  
  18  1:51  Zergling x2  
  21  2:00  Overlord  
  21  2:19  Metabolic Boost  
  21  2:21  Queen  
  21  2:22  Drone  
  24  2:25  Queen  
  24  2:26  Drone  
  27  2:40  Drone x3  
  30  2:49  Drone x2  
  32  3:06  Hatchery, Queen  
  32  3:07  Drone  
  34  3:23  Overlord x2  
  34  3:27  Drone  
  35  3:36  Drone  
  35  3:39  Overlord x2  
  36  3:48  Drone  
  36  3:49  Drone x6  
  36  3:54  Lair  
  43  4:07  Drone x4  
  47  4:10  Extractor  
  47  4:11  Drone x2  
  47  4:12  Drone x2, Extractor  
  47  4:16  Extractor  
  48  4:35  Drone x2  
  50  4:39  Drone x3  
  50  4:40  Drone x2  
  50  4:42  Drone x6  
  61  4:55  Spire  
  61  4:57  Evolution Chamber, Drone x4  
  61  4:58  Evolution Chamber, Drone x2  
  64  5:07  Drone  
  65  5:08  Drone x2  
  65  5:09  Drone x4  
  65  5:10  Overseer  
  71  5:19  Roach Warren, Overlord  
  71  5:20  Overlord  
  70  5:33  Zerg Ground Armor Level 1  
  70  5:34  Spine Crawler  
  69  5:36  Spine Crawler  
  69  5:38  Zerg Melee Weapons Level 1  
  68  5:42  Overlord  
  68  5:46  Hatchery  
  67  5:53  Zergling x8  
  67  5:54  Zergling x14  
  78  6:01  Drone  
  79  6:04  Glial Reconstitution  
  79  6:07  Mutalisk x4  
  87  6:14  Zerg Flyer Weapons Level 1  
  87  6:18  Overlord x2, Baneling Nest  
  86  6:23  Overlord x3  
  85  6:36  Drone x8, Extractor  
  85  6:37  Extractor  
  84  6:44  Drone  
  84  6:45  Drone  
  84  6:46  Drone x2  
  84  6:49  Zergling x2  
  84  6:50  Zergling x8  
  84  6:53  Hatchery  
  88  6:57  Overseer  
  88  7:06  Overseer  
  88  7:09  Mutalisk  
  88  7:10  Mutalisk x4  
  98  7:29  Zergling x2  
  99  7:30  Zergling x28  
  99  7:35  Hatchery  
  112  7:46  Mutalisk  
  112  7:47  Mutalisk x4  
  122  7:54  Overlord x3  
  122  7:55  Overlord x2  
  122  8:02  Baneling  
  122  8:03  Baneling x9  
  122  8:05  Baneling, Zergling x2  
  122  8:06  Zergling x20  
  116  8:36  Drone x4  
  116  8:38  Drone x2, Queen  
  116  8:39  Drone  
  128  8:41  Drone x13  
  128  8:47  Extractor  
  137  8:51  Extractor  
  137  8:53  Centrifical Hooks  
  122  9:29  Mutalisk  
  122  9:30  Mutalisk x8  
  122  9:48  Infestation Pit  
  111  9:59  Hatchery  
  110  10:04  Spine Crawler  
  110  10:05  Zergling x2  
  110  10:06  Spine Crawler, Zergling x4, Roach  
  125  10:07  Roach x18  
  125  10:08  Spine Crawler  
  125  10:10  Spine Crawler x2  
  146  10:20  Spore Crawler  
  145  10:26  Drone x3  
  148  10:33  Extractor  
  147  10:48  Zergling x18  
  147  10:49  Zergling x16  
Tags
 
Add a new tag
Caveats
  • Supply blocks, unpowered buildings, or Contaminate may cause inaccurate times.
  • Supply counts are checked every 10 seconds.